[Event "1st Chessable Sunway Formentera 2022"]
[Site "Formentera Punta Prima"]
[Date "2022.04.30"]
[Round "2"]
[White "Cafolla, Peter"]
[Black "Soham Das"]
[Result "1/2-1/2"]
[ECO "B52"]
[WhiteElo "1936"]
[BlackElo "2266"]
[Annotator "TA"]
[PlyCount "116"]
[EventDate "2022.05.05"]
[EventType "swiss"]
[EventCountry "ESP"]
[SourceTitle "playchess.com"]
[Source "ChessBase"]
[SourceQuality "1"]
[TimeControl "40/5400+30:1800+30"]

1. e4 c5 2. Nf3 d6 3. Bb5+ Bd7 4. a4 Nc6 5. O-O a6 6. Bc4 Nf6 7. Re1 e6 8. Nc3 Rc8 9. d3 Be7 10. h3 O-O 11. Bf4 Nd4 12. e5 Nxf3+ 13. Qxf3 Bc6 14. exf6 Bxf3 $17 15. fxe7 Qxe7 {[%emt 0:00:07] And now ...Bc6 would win.} 16. gxf3 Qd7 (16... Qd8 $1 $17 {White must now prevent ...d5.} 17. Ba2 d5) 17. Kg2 (17. a5 $15) 17... d5 18. Bb3 b6 19. Rad1 b5 20. axb5 axb5 21. d4 c4 22. Ba2 Rfe8 ({Better is} 22... b4 23. Ne2 Ra8) 23. Ne2 ({White should play} 23. Bb1) 23... b4 24. c3 Qa4 25. Bb1 Ra8 26. Bd6 bxc3 27. bxc3 Qc6 28. Bf4 (28. Bb4 $142) 28... Ra3 29. Rc1 Rea8 30. Bg3 Rb3 31. Bc2 Rb2 32. Bb1 Ra3 33. f4 g6 {[%emt 0:00:22] Against f5} 34. Bh4 Kg7 35. Be7 Ra1 36. Kf3 $2 (36. Bb4 {is a better defense.}) 36... Qa4 $19 {[%emt 0:01:08] ...Qb3 is the strong threat.} 37. f5 exf5 (37... Qb3 $142 38. f6+ Kh8) 38. Nf4 Qb3 39. Nh5+ $2 (39. h4 {was the only defense.} Qb6 40. h5) 39... Kh6 (39... gxh5 $2 {leads to mate.} 40. Rg1+ Kh8 41. Bf6#) 40. Nf6 Ra8 {[%emt 0:00:00] Inhibits Bf8+.} ({Worse is} 40... Rbxb1 41. h4 Kg7 42. Nh5+ Kg8 43. Nf6+ Kg7 44. Nh5+ Kg8 45. Nf6+ Kh8 46. Nd7 $15) (40... Raxb1 $19 41. h4 Kg7 42. Nh5+ Kg8) 41. Bb4 $2 (41. Bd6 $1 $11 {and White is okay.}) 41... Qa4 42. Bd6 Qb3 43. Bb4 Qa4 44. Bd6 Rb6 45. Be5 Re6 $1 46. Bxf5 (46. h4 $142) 46... gxf5 47. Rg1 {[%emt 0:00:13][%cal Re5f4] [#]} Rxe5 48. dxe5 Qc6 $2 (48... d4 $19 49. h4 Qa3) 49. Kf4 $11 {[%emt 0:02:03] aiming for Rg5.} Qc5 50. f3 {[%emt 0:01:37] [#]} (50. Rcf1 $1 $11 Ra2 51. f3) 50... Qf2 (50... Ra6 $1 $17 51. Kxf5 Qc8+ 52. Kf4 {[#]} Rxf6+ $1 53. exf6 Qc7+ 54. Kf5 Qc8+ 55. Ke5 Qc5) 51. Rcf1 {[%emt 0:01:13] The position is equal.} Qc2 52. h4 Qxc3 53. Rg5 Qd2+ $1 (53... Qd4+ $2 54. Kxf5 Qd3+ 55. Kf4 Qd2+ 56. Kg3 Qxg5+ 57. hxg5+ Kxg5 58. Nxd5 $18) 54. Kxf5 {[%emt 0:00:11][%cal Rf6g4] The board is on fire.} Qc2+ (54... Qd3+ $2 55. Kf4 Qd2+ 56. Kg3 Qxg5+ 57. hxg5+ Kxg5 58. Nxd5 $18) 55. Kf4 Qh2+ 56. Kf5 Qc2+ 57. Kf4 Qh2+ 58. Kf5 Qc2+ {[%emt 0:00:34] Weighted Error Value: White=0.34/Black=0.32} 1/2-1/2

[Event "1st Chessable Sunway Formentera 2022"]
[Site "Formentera Punta Prima"]
[Date "2022.04.30"]
[Round "2"]
[White "Fabregas, Oliver"]
[Black "Vanduyfhuys, Daria"]
[Result "0-1"]
[ECO "A08"]
[WhiteElo "1893"]
[BlackElo "2063"]
[Annotator "TA"]
[PlyCount "102"]
[EventDate "2022.05.05"]
[EventType "swiss"]
[EventCountry "ESP"]
[SourceTitle "playchess.com"]
[Source "ChessBase"]
[SourceQuality "1"]
[TimeControl "40/5400+30:1800+30"]

1. Nf3 Nf6 2. g3 d5 3. Bg2 c5 4. d3 Nc6 5. Nbd2 g6 6. O-O Bg7 7. e4 O-O 8. Re1 e5 9. exd5 Nxd5 10. Nc4 Re8 11. c3 Nc7 (11... h6 $11) 12. Be3 $14 Ne6 13. Qc2 {[%emt 0:00:00] White is slightly better.} Rb8 14. a4 b6 15. Rad1 Bb7 16. Bc1 {[%emt 0:03:47] [#]} (16. Qc1 $11) 16... Qc7 (16... Ncd4 $1 $15 17. Nxd4 (17. cxd4 $2 Bxf3 18. dxe5 Nd4 $19) 17... exd4) 17. h4 {[%emt 0:00:00] [#]} (17. Qe2 $11) 17... h5 ({Better is} 17... Ncd4 $1 $15 18. Nxd4 (18. cxd4 $2 Bxf3 19. dxe5 Nd4 $19) 18... cxd4) 18. Re2 a6 19. Rde1 Nf8 {[%emt 0:02:45] [#]} (19... f6 $15) 20. Qb3 (20. Bf4 $1 $14) 20... Ba8 {[%emt 0:00:00] [#]} (20... Ne6 $11) 21. Ng5 (21. Bf4 $1 $16) 21... b5 $2 (21... Ne6 $11 {and Black has nothing to worry.}) 22. axb5 axb5 {[%emt 0:01:50] [#]} 23. Nd6 Re7 (23... Qxd6 $2 24. Qxf7+ Kh8 25. Qxe8 $3 $18 ) 24. Nde4 (24. Nxb5 Qd7 $11) (24. Ndxf7 $18 {Nh6+ would kill now.} c4 25. Qa3 (25. dxc4 Na5 $16)) 24... Na5 $11 25. Qa2 c4 26. dxc4 bxc4 27. Be3 {[%emt 0:00:29] Bc5 is the strong threat.} f6 $2 {[%emt 0:00:00] [#]} (27... Nb3 $11) 28. Nh3 $2 (28. Bc5 $1 $18) 28... Kh8 (28... Rd7 $11) 29. Kh2 (29. Bc5 $16 Bxe4 30. Bxe7) 29... Nd7 30. Rd1 Nb3 {[%emt 0:01:09] Inhibits Red2.} 31. Ree1 Bc6 (31... Bb7 $11) 32. Qb1 ({White should try} 32. Qa7 $14 Nf8 33. Qxc7 Rxc7 34. Rd6 Bxe4 35. Bxe4) 32... f5 33. Neg5 (33. Nd2 $1 $11 {keeps the balance.}) 33... Bxg2 $17 34. Kxg2 Ndc5 35. Ng1 (35. f3 $17 {might work better.}) 35... Nd3 36. Re2 (36. Rxd3 $17 cxd3 37. Qxd3) 36... Qc6+ 37. f3 Reb7 38. Qc2 Nbc5 39. Bxc5 $2 (39. Rb1) 39... Qxc5 $2 (39... Nxc5 40. Qd2 $17) (39... Rxb2 $19 40. Qxb2 (40. Nf7+ $2 Kg8 $19) 40... Nxb2) 40. b4 $15 Qb6 (40... Qc6 $15) 41. Qa2 (41. N1h3 $11) 41... Rc8 42. Ra1 e4 $1 $36 {[%emt 0:00:00][%mdl 2048] White is under strong pressure.} 43. fxe4 ({White should play} 43. Qd2) 43... Bxc3 $17 {[%emt 0:06:27] Black is much more active.} 44. exf5 $2 (44. Rf1 $17) 44... Bxa1 $19 ({Inferior is} 44... Qxb4 45. fxg6 Qb6 46. Rf1 $11) ({Wrong is} 44... Nxb4 $2 45. Qa4 Bxa1 46. Qxa1+ c3 47. Re6 $19) ({Weaker is} 44... Bxb4 45. fxg6 Bc3 46. Rf1 $11) (44... gxf5 45. Re6 Qf2+ 46. Qxf2 $16) 45. Qxa1+ c3 {[%emt 0:01:18] Strongly threatening ...Ra7. The board is on fire.} 46. fxg6 (46. Kh2 $142) 46... Qxg6 $2 (46... Ra7 $19 47. g7+ Rxg7) 47. Re6 $1 $11 Qf5 48. Qa2 $4 (48. Qa6 $11 Rbc7 49. Rh6+ Kg7 50. Rxh5 Nf4+ 51. gxf4 Qg4+ 52. Kf2 Qxh5 53. Ne6+ Kh7 54. Nxc7 Qxh4+ 55. Ke2 Qh2+ 56. Kf3 Qh1+ 57. Kf2 Qh2+ 58. Kf3 Qh1+ 59. Kf2 Qh4+ 60. Ke2 Rxc7 61. Qd3+ Kg7 62. Qd4+ Kf8 63. Nf3 Qe7+ 64. Kf2) 48... Kg7 (48... c2 $142 49. Ne2 Rf8 50. Qa1+ Rg7) 49. N1f3 (49. Kh2 $142 Qf2+ 50. Qxf2 Nxf2 51. Kg2) 49... Nxb4 50. Qe2 Nc6 {[%emt 0:00:22] aiming for ...Rb2.} 51. Rh6 Rb2 {[%emt 0:00:35] What a bad dream for White.  Weighted Error Value: White=0.91/Black=0.85} 0-1

[Event "1st Chessable Sunway Formentera 2022"]
[Site "Formentera Punta Prima"]
[Date "2022.04.30"]
[Round "2"]
[White "Buivys, Martynas"]
[Black "Romanishin, Oleg M"]
[Result "0-1"]
[ECO "D71"]
[WhiteElo "1806"]
[BlackElo "2400"]
[Annotator "TA"]
[PlyCount "64"]
[EventDate "2022.05.05"]
[EventType "swiss"]
[EventCountry "ESP"]
[SourceTitle "playchess.com"]
[Source "ChessBase"]
[SourceQuality "1"]
[TimeControl "40/5400+30:1800+30"]

1. c4 e5 2. Nc3 Nf6 3. g3 d5 4. cxd5 Nxd5 5. Bg2 Nb6 6. e3 g6 7. Nge2 Bg7 8. O-O O-O 9. d4 exd4 {[%emt 0:02:23] D71: Fianchetto Grünfeld: 3 g3 d5 sidelines and 5 cxd5 (without Nf3).} 10. Nxd4 N8d7 ({Black should play} 10... Qe7 $11) 11. a4 $14 a5 {[%emt 0:03:40] [#] White is slightly better.} 12. Ndb5 $146 (12. b3 $14) ({Predecessor:} 12. b3 Re8 13. Ba3 Bf8 14. Bxf8 Nxf8 15. Qc2 c6 16. Rad1 Qe7 17. Qb2 Nbd7 18. Rfe1 {½-½ (41) Kortschnoj,V-Gufeld,E Tbilisi 1967}) 12... c6 $11 13. Nd6 Nc5 {[%emt 0:00:58] Strongly threatening ...Be6.} 14. Nce4 Nxe4 15. Nxe4 Nd5 16. Nc5 Qe7 17. Bxd5 Qxc5 18. Bb3 Bh3 19. Re1 Rad8 {[%emt 0:00:54] Black is more active.} 20. Qc2 {[%emt 0:01:16] [#]} Qb4 21. Re2 Bg4 $40 {[%emt 0:12:36][%mdl 128] White is in trouble.} 22. Rd2 Bf3 {[%emt 0:00:31] aiming for ...b5.} 23. Qc4 c5 $2 (23... Rxd2 $19 24. Qxb4 axb4 25. Bxd2 c5) 24. Qxb4 {[%emt 0:02:22] This costs White the game.} (24. Rxd8 $1 $15 Qe1+ 25. Qf1 Qxf1+ 26. Kxf1 Rxd8 27. Ke1) 24... axb4 $19 ({Inferior is} 24... cxb4 25. Rxd8 Rxd8 26. Kf1 $17) 25. Kf1 Rxd2 26. Bxd2 Rd8 27. Ke1 Bxb2 28. Rb1 Bf6 29. Rc1 Rd3 30. Bc4 Ra3 {[%emt 0:05:02] Black is clearly winning.} 31. Bb5 (31. a5 $142) 31... b3 {[%emt 0:00:51][%cal Bb4b3,Bb3b2][%mdl 32] [#] And now ...Be4 would win.} 32. Rb1 b2 {[%emt 0:00:35] Weighted Error Value: White=0.59/Black=0.20 (precise)} 0-1

[Event "1st Chessable Sunway Formentera 2022"]
[Site "Formentera Punta Prima"]
[Date "2022.05.01"]
[Round "3"]
[White "Sargsyan, Shant"]
[Black "Jarmula, Lukasz"]
[Result "1/2-1/2"]
[ECO "D20"]
[WhiteElo "2641"]
[BlackElo "2459"]
[Annotator "TA"]
[PlyCount "49"]
[EventDate "2022.05.05"]
[EventType "swiss"]
[EventCountry "ESP"]
[SourceTitle "playchess.com"]
[Source "ChessBase"]
[SourceQuality "1"]
[TimeControl "40/5400+30:1800+30"]

1. d4 d5 2. c4 dxc4 3. e4 b5 4. a4 c6 5. axb5 cxb5 6. Nc3 {[%emt 0:00:03] D20: Queen's Gambit Accepted: 3 e3 and 3 e4.} a6 {[%emt 0:00:08] [#]} 7. Nxb5 $1 axb5 8. Rxa8 {[%emt 0:00:03] White is slightly better.} Bb7 9. Ra1 e6 $1 10. Ne2 {[%emt 0:02:24] aiming for f3.} Bxe4 11. Nc3 Bb4 12. Be2 $1 Nf6 13. O-O Bxc3 14. bxc3 {[%emt 0:00:04] Threatens to win with Ba3.} O-O 15. Bg5 h6 16. Bxf6 Qxf6 17. Re1 Nc6 {[%emt 0:01:26] [#]} 18. Bxc4 $1 Bxg2 {[%emt 0:00:58][%mdl 64] Decoy} 19. Kxg2 Qg5+ 20. Kh1 bxc4 21. Qf3 Ne7 {[%emt 0:01:29] [#]} 22. Ra4 $146 ({Predecessor:} 22. Re5 Qd2 23. Re2 Qg5 24. Re5 Qd2 25. Rg1 Qc2 26. Rc5 Qb3 27. h4 {½-½ (27) Ringoir,T (2479)-Yoo,C (2466) Charlotte 2021}) 22... Rc8 (22... Qb5 $11 23. Rb4 Qa6) 23. Ra8 ({Better is} 23. Rg1 $16 Qd2 24. Ra7) 23... Rxa8 $11 24. Qxa8+ Kh7 25. Qf3 {[%emt 0:10:25] Weighted Error Value: White=0.05 (flawless) /Black=0.05 (flawless)} 1/2-1/2

[Event "1st Chessable Sunway Formentera 2022"]
[Site "Formentera Punta Prima"]
[Date "2022.05.01"]
[Round "3"]
[White "Cuenca Jimenez, Jose Fernando"]
[Black "Gukesh D"]
[Result "0-1"]
[ECO "D38"]
[WhiteElo "2551"]
[BlackElo "2659"]
[Annotator "TA"]
[PlyCount "92"]
[EventDate "2022.05.05"]
[EventType "swiss"]
[EventCountry "ESP"]
[SourceTitle "playchess.com"]
[Source "ChessBase"]
[SourceQuality "1"]
[TimeControl "40/5400+30:1800+30"]

1. d4 Nf6 2. c4 e6 3. Nf3 d5 4. Nc3 Bb4 5. Qa4+ Nc6 6. e3 O-O 7. Bd2 Re8 {[%emt 0:00:26] D38: Queen's Gambit Declined: Ragozin Defence (4 Nf3 Bb4).} 8. a3 Bf8 9. Qc2 h6 {[%emt 0:08:08] The position is equal.} 10. cxd5 exd5 11. Bd3 Bg4 12. O-O Bd6 {[%emt 0:00:12] [#]} 13. Nb5 $146 ({Predecessor:} 13. Kh1 a6 14. Rac1 Qe7 15. Be1 g6 16. h3 Bxf3 17. gxf3 Nh5 18. Bxg6 fxg6 19. Qxg6+ {1-0 (91) Gupta,A (2628)-Aditya,M (2487) Kanpur 2022}) 13... Ne4 14. Nxd6 Qxd6 15. Be1 Bxf3 16. gxf3 Ng5 17. Kg2 Qe6 18. Bf5 {[%emt 0:05:22] Prevents Qh3+.} Qf6 {[%emt 0:00:02][%cal Og5f3] And now ...Nxf3! would win.} 19. Bg4 Rad8 20. b4 (20. Rg1 $14) 20... Ne7 $11 21. h4 ({But not} 21. Qxc7 h5 22. Bxh5 Qh6 $17) 21... Ne6 22. Rh1 c6 23. a4 g6 24. h5 $1 Qg5 {[%emt 0:01:56] ...f5 is the strong threat.} 25. Kf1 $1 f5 26. Bh3 Qxh5 27. Bg2 Qg5 {[%emt 0:00:05] aiming for ...f4.} 28. f4 Qf6 29. Rxh6 Kg7 30. Rh3 (30. Rh1 $1 $14) 30... g5 31. fxg5 Nxg5 32. Rg3 {[%emt 0:02:05] Strongly threatening f4.} Kf7 33. b5 Ne4 34. Rh3 Rh8 $1 35. Rxh8 Rxh8 36. f3 (36. bxc6 $11 {remains equal.} bxc6 37. Bb4) 36... Nd6 $17 {[%emt 0:03:39] Black is more active.} 37. bxc6 bxc6 38. Qd3 (38. Bg3 $142) 38... f4 39. exf4 $2 {[%emt 0:02:52] This move loses the game for White.} (39. e4 $17) 39... Qxf4 (39... Nef5 $19 {is more deadly. Threatens to win with ...Nc4.} 40. Ra2 Qg6) 40. Bd2 {[%emt 0:00:00] [#]} Qf6 41. Re1 Nc4 42. Be3 {[%emt 0:13:39] [#]} ({Avoid the trap} 42. Bb4 $2 Nf5 43. f4 Qg6 $19) (42. Rb1 $17) 42... Nf5 $1 $19 {[%emt 0:01:16] Hoping for ...Qg6. Pair of Knights!} 43. Bf2 $2 (43. Bf4) 43... Qg6 {[%emt 0:00:37] ( -> ...Ng3+)} 44. f4 Rh2 45. Bh3 Rh1+ 46. Ke2 Qh5+ {[%emt 0:00:05] Weighted Error Value: White=0.70/Black=0.09 (flawless)} 0-1

[Event "1st Chessable Sunway Formentera 2022"]
[Site "Formentera Punta Prima"]
[Date "2022.05.01"]
[Round "3"]
[White "Batsiashvili, Nino"]
[Black "Song, Julien"]
[Result "1-0"]
[ECO "D32"]
[WhiteElo "2463"]
[BlackElo "2388"]
[Annotator "TA"]
[PlyCount "110"]
[EventDate "2022.05.05"]
[EventType "swiss"]
[EventCountry "ESP"]
[SourceTitle "playchess.com"]
[Source "ChessBase"]
[SourceQuality "1"]
[TimeControl "40/5400+30:1800+30"]

1. d4 d5 2. c4 e6 3. Nc3 c5 4. cxd5 exd5 5. Nf3 Nc6 6. dxc5 d4 7. Na4 Bxc5 {[%emt 0:00:51][%mdl 64] [#] Decoy. D32: Tarrasch Defence: Sidelines and lines without g3.} 8. Nxc5 {[%emt 0:00:07] And now Nb3 would win.} Qa5+ 9. Qd2 Qxc5 {[%emt 0:00:36] White is slightly better.} 10. e3 $1 {[%emt 0:00:05][%mdl 4] is recently more successful than 10.a3.} (10. a3 $5 ) 10... dxe3 $1 11. Qxe3+ Qxe3+ 12. Bxe3 Nge7 13. Bc4 O-O 14. O-O Bg4 15. Nd4 Nxd4 16. Bxd4 Rfd8 17. Be3 {[%emt 0:05:50] [#]} Nf5 $146 ({Predecessor:} 17... Nd5 18. Bg5 f6 19. Bd2 Be6 20. Rfc1 Nc7 21. Ba5 b6 22. Bf1 Rac8 23. Be1 Nd5 {½-½ (52) Kopasov,E-Luise,M LSS email 2007}) 18. h3 Bh5 19. Bg5 {[%emt 0:00:40] A strong pair of Bishops.} Rd4 20. b3 h6 (20... a6 $5 ) 21. Bc1 Bg6 22. Bb2 Rd7 23. Rfd1 Rad8 24. Rxd7 Rxd7 25. Bc3 Nd4 26. Re1 b5 27. Bf1 a6 28. f3 Ne6 29. Be5 Rd2 30. Re2 Rd1 31. Kf2 Nc5 32. Rb2 Bd3 33. Be2 Bxe2 34. Kxe2 $11 {[%emt 0:01:26][%mdl 4096] Endgame KRB-KRN} Rg1 35. Ke3 f6 {[%emt 0:00:25] [#] Hoping for ...Re1+.} 36. Bd6 Ne6 37. Rc2 Rd1 38. Rd2 (38. Bb4 $5 ) 38... Rc1 39. Ke4 Kf7 40. f4 g6 41. Kd5 f5 42. a4 Rc3 43. axb5 axb5 44. b4 Rc4 (44... h5 $11) 45. Bc5 $14 Nxf4+ 46. Kc6 Ne6 47. Kxb5 Rc3 48. Kc6 g5 49. Rd5 {[%emt 0:02:58] aiming for Kd6.} g4 $2 {[%emt 0:03:09] Black cannot hold the game after this.} (49... Nf4 $1 $14 50. Rd7+ (50. Rxf5+ Ke6 $14) 50... Ke8 51. Re7+ Kd8) 50. Rxf5+ $18 Kg6 51. Re5 Nxc5 (51... Nd8+ $18 52. Kd7 Rd3+ 53. Kc8 gxh3) 52. Rxc5 Rb3 53. b5 {[%emt 0:00:21][%cal Bb4b5,Bb5b6][%mdl 32] White mates.} gxh3 54. gxh3 Rxh3 55. b6 Rf3 {[%emt 0:01:13] Weighted Error Value: White=0.06 (flawless) /Black=0.44} 1-0

[Event "1st Chessable Sunway Formentera 2022"]
[Site "Formentera Punta Prima"]
[Date "2022.05.01"]
[Round "3"]
[White "Park, Evan"]
[Black "Santos Ruiz, Miguel"]
[Result "0-1"]
[ECO "B96"]
[WhiteElo "2431"]
[BlackElo "2586"]
[Annotator "TA"]
[PlyCount "124"]
[EventDate "2022.05.05"]
[EventType "swiss"]
[EventCountry "ESP"]
[SourceTitle "playchess.com"]
[Source "ChessBase"]
[SourceQuality "1"]
[TimeControl "40/5400+30:1800+30"]

1. e4 c5 2. Nf3 d6 3. d4 cxd4 4. Nxd4 Nf6 5. Nc3 a6 6. Bg5 e6 7. f4 Qc7 8. Qf3 {[%emt 0:06:28] 8.Bxf6 is more fashionable.} b5 9. O-O-O b4 10. Nb1 {[%emt 0:06:40] B96: Sicilian Najdorf: 6 Bg5 e6 7 f4, lines other than 7...Qb6 and 7...Be7.} (10. Na4 $11) 10... Nbd7 $15 11. g4 (11. Nd2 $11) 11... Bb7 $17 12. Bxf6 {[%emt 0:01:26] Black is slightly better.} Nxf6 13. Nd2 {[%emt 0:01:55] [#]} Qb6 $146 ({Better is} 13... g6 $17 14. Kb1 Bg7) ({Predecessor:} 13... Rc8 14. Bd3 Qb6 15. N4b3 d5 16. f5 Be7 17. Rhf1 exf5 18. exf5 O-O 19. g5 Ne4 {1-0 (32) Goncalves,R (1956)-Menna Barreto,F (2271) Jaragua do Sul 2015}) 14. N4b3 (14. Nc4 Qc5 15. Nb3 Qc7 $15) (14. g5 $11 {keeps the balance.} Qxd4 15. gxf6) 14... d5 15. Bd3 Be7 $36 {[%emt 0:01:41][%mdl 2048] Black fights for an advantage.} 16. g5 {[%emt 0:02:14] [#]} dxe4 $1 17. Nxe4 Nd5 18. Rhe1 {[%emt 0:00:57] [#]} (18. h4 $15 {is superior.}) 18... g6 $1 19. h4 a5 20. Nbd2 (20. Bc4 $17 {was worth a try.} O-O 21. Bxd5 Bxd5 22. Qe3) 20... Qc7 ({Black should play} 20... O-O $19 {And now ...a4 would win.} 21. Nc4 Qc7) 21. Nc4 (21. Bb5+ $11 {and White has nothing to worry.} Kf8 22. Nc4) 21... O-O (21... Qxf4+ $2 22. Qxf4 Nxf4 23. Ncd6+ Kf8 24. Nxb7 $18) 22. Ne5 {[%emt 0:02:17] [#]} b3 (22... a4 $1 $17 {[%cal Ra4a3] Threatens to win with ...a3.} 23. Bc4 Rfc8) 23. axb3 (23. a3 $1 $15) 23... a4 $19 24. Bc4 (24. c4 $142) 24... axb3 25. Qxb3 (25. c3 Rfd8 26. Rd4 (26. Bxb3 $2 Ra1+ 27. Kd2 Nxc3+ 28. Nd3 Bxe4 $19) 26... Qa5 $19) (25. cxb3 $142 Nb4 26. Qe3 (26. Rd7 $2 Rfd8 $19)) 25... Nxf4 ({Not} 25... Ra1+ $2 26. Kd2 Rxd1+ 27. Kxd1 $19) 26. Qc3 $2 (26. Nf6+ Bxf6 27. gxf6) 26... Ra1+ 27. Kd2 Rd8+ $2 (27... Ra4 28. Nf6+ Bxf6) 28. Bd3 Qb6 ({Black should try} 28... Rxd1+ $19 29. Kxd1 Qxc3 30. bxc3 Ng2) 29. Nc4 $17 (29. Rxa1 $2 {too greedy.} Bb4 30. Rf1 (30. Nf6+ $2 Kg7 $19) 30... Nxd3 31. Nf6+ Kg7 32. cxd3 Bxc3+ 33. bxc3 Qb2+ 34. Ke3 Qxc3 $19) 29... Rxd1+ 30. Kxd1 (30. Rxd1 $17 Qc7 31. Ne3 Qxc3+ 32. Kxc3) 30... Qd4 {[%emt 0:01:26] Really sharp!} 31. Qxd4 Rxd4 32. Kd2 (32. Ne5 $142) 32... Nxd3 33. cxd3 Bb4+ 34. Nc3 Rxh4 35. Re5 Bd5 36. Kc2 Bxc4 37. dxc4 Rxc4 $19 {[%emt 0:00:09][%mdl 4096] Endgame KRB-KRN} 38. Kb3 Rd4 39. Ne4 Kg7 40. Nf6 Be7 41. Kc3 Rf4 42. Nd7 Rg4 43. Nc5 Bxg5 44. Re4 Bf6+ 45. Kb3 Rg3+ 46. Ka2 Rg2 47. Nd3 h5 48. Re3 h4 {[%emt 0:00:06] Strongly threatening ...Rg3.} 49. Ka3 Rg3 50. Rxg3 hxg3 {[%emt 0:00:02] KB-KN} 51. Ne1 Be7+ 52. b4 f5 53. Ka4 f4 54. b5 Bc5 {[%emt 0:00:04] ( -> ...Bf2)} 55. Nd3 {[%emt 0:00:00] [#]} g2 $1 {[%emt 0:00:36] Black mates.} 56. Nxc5 (56. b6 g1=Q) 56... g1=Q 57. Kb4 Qd4+ 58. Ka5 Qxc5 59. Ka6 f3 60. b6 f2 61. Ka7 Qxb6+ 62. Ka8 Qb8+ {[%emt 0:00:02] Weighted Error Value: White=0.72/Black=0.35} 0-1

[Event "1st Chessable Sunway Formentera 2022"]
[Site "Formentera Punta Prima"]
[Date "2022.05.01"]
[Round "3"]
[White "Romanishin, Oleg M"]
[Black "Martirosyan, Haik M."]
[Result "1/2-1/2"]
[ECO "E60"]
[WhiteElo "2400"]
[BlackElo "2652"]
[Annotator "TA"]
[PlyCount "42"]
[EventDate "2022.05.05"]
[EventType "swiss"]
[EventCountry "ESP"]
[SourceTitle "playchess.com"]
[Source "ChessBase"]
[SourceQuality "1"]
[TimeControl "40/5400+30:1800+30"]

1. d4 Nf6 2. Nf3 g6 3. g3 Bg7 4. c4 O-O 5. Bg2 d6 6. O-O c6 7. b3 e5 8. dxe5 dxe5 9. Ba3 (9. Nxe5 $2 Qxd1 10. Rxd1 Nfd7 $17) 9... e4 {[%emt 0:00:49] E60: King's Indian: Unusual lines and Fianchetto Variation without Nc3.} 10. Bxf8 Qxf8 11. Nd4 e3 {[%emt 0:00:10] [#] Inhibits Qd2. ...Ng4 is the strong threat. The position is equal.} 12. f3 $146 {[%emt 0:03:50] Inhibits Ng4.} ({Predecessor:} 12. fxe3 Ng4 13. Qd2 Qe7 14. Nc3 Nxe3 15. Rf4 f5 16. Be4 Ng4 17. Bf3 Ne5 18. Re1 {1-0 (37) Gukesh,D (2542)-Muradli,M (2427) Chess.com INT 2020}) 12... Qe7 13. Nc3 Na6 14. a3 ({Better is} 14. Qe1 $14) 14... Bd7 (14... Ne8 $15 {keeps the upper hand.} 15. Rc1 Qd7 16. Nxc6 bxc6) 15. b4 $16 h5 16. Qd3 Re8 17. Rad1 Qf8 (17... c5 $14) 18. Ne4 {[%emt 0:02:11] White is clearly better.} c5 {[%emt 0:03:30] [#] Threatens to win with ...Nxe4.} 19. Nb5 {[%emt 0:03:01] And now Nxf6+ would win.} Nxe4 20. Qxd7 Nd2 21. Qxb7 Re6 {[%emt 0:00:52] Weighted Error Value: White=0.19 (very precise) /Black=0.40} 1/2-1/2